 Dungeon Crawl Stone Soup version 0.28-a0-172-g787e458d71 (webtiles) character file.

Game seed: 11555390577534010253

27787 pkoi the Carver (level 13, -3/122 HPs)
             Began as a Minotaur Gladiator on Aug 16, 2021.
             Was a High Priest of Nemelex Xobeh.
             Slain by a salamander (11 damage)
             ... in a volcano.
             The game lasted 00:21:29 (15468 turns).

pkoi the Carver (Minotaur Gladiator)               Turns: 15468, Time: 00:21:30

Health: -3/122     AC: 11    Str: 28    XL:     13   Next: 6%
Magic:  21/21      EV: 14    Int:  7    God:    Nemelex Xobeh [*****.]
Gold:   735        SH:  0    Dex: 14    Spells: 12/12 levels left

rFire   . . .      SeeInvis .   a - +0 great sword (freeze)
rCold   . . .      Faith    .   (shield currently unavailable)
rNeg    . . .      Spirit   .   s - +0 ring mail of the Lobster {rElec rPois Int+2}
rPois   +          Reflect  .   c - +1 hat
rElec   +          Harm     .   j - +0 cloak
rCorr   .          Rampage  .   A - +0 pair of gloves
Will    .....                   (no boots)
Stlth   +.........              e - amulet of regeneration
HPRegen 1.30/turn               v - +6 ring of strength
MPRegen 0.17/turn               (no ring)

@: studying Fighting
A: horns 2, retaliatory headbutt
a: Renounce Religion, Draw Escape, Draw Destruction, Draw Summoning, Triple
Draw, Deal Four, Stack Five


You were in a volcano.
You worshipped Nemelex Xobeh.
Nemelex Xobeh was extremely pleased with you.
You visited 3 branches of the dungeon, and saw 14 of its levels.
You also visited: Ossuary, Bailey and Volcano.

You collected 845 gold pieces.
You spent 110 gold pieces at shops.

Inventory:

Hand Weapons
 a - a +0 great sword of freezing (weapon)
 b - a +3 scimitar of flaming
Missiles
 d - 3 throwing nets
 y - a curare-tipped dart
 z - 45 boomerangs (quivered)
Armour
 c - a +1 hat (worn)
 j - a +0 cloak (worn)
 s - the +0 ring mail of the Lobster (worn) {rElec rPois Int+2}
   (You found it on level 4 of the Dungeon)

   Int:       It affects your intelligence (+2).
   rElec:     It insulates you from electricity.
   rPois:     It protects you from poison.
 A - a +0 pair of gloves (worn)
Jewellery
 e - an amulet of regeneration (around neck)
 v - a +6 ring of strength (left hand)
 M - a ring of positive energy
Wands
 x - a wand of flame (24)
 F - a wand of paralysis (10)
 J - a wand of charming (10)
 L - a wand of polymorph (12)
 N - a wand of digging (2)
Scrolls
 g - 4 scrolls of enchant armour
 h - 10 scrolls of identify
 m - 5 scrolls of amnesia
 q - 2 scrolls of silence
 t - 2 scrolls of fear
 u - 3 scrolls of fog
 B - a scroll of magic mapping
 C - 5 scrolls of blinking
 E - 2 scrolls of enchant weapon
Potions
 f - a potion of haste
 l - 8 potions of curing
 n - 2 potions of heal wounds
 p - 5 potions of might
 r - 2 potions of berserk rage
 H - 3 potions of flight
 K - 3 potions of mutation
 P - a potion of ambrosia


   Skills:
 + Level 13.6 Fighting
 + Level 14.4 Long Blades
 + Level 4.6 Throwing
 + Level 10.5 Armour
 - Level 7.1 Dodging
 + Level 12.0 Invocations


You had 12 spell levels left.
You didn't know any spells.
Your spell library contained the following spells:

 Spells                   Type           Power      Damage    Failure   Level
 Animate Skeleton         Necr           0%         N/A       54%         1
 Beastly Appendage        Tmut           0%         N/A       54%         1
 Pain                     Necr           0%         1d4       54%         1
 Sting                    Tmut/Pois      0%         1d3       54%         1
 Conjure Flame            Conj/Fire      0%         6-21      88%         3
 Dazzling Flash           Conj/Hex       0%         N/A       88%         3
 Ignite Poison            Fire/Tmut/Pois 0%         N/A       88%         3
 Inner Flame              Hex/Fire       0%         N/A       88%         3
 Vampiric Draining        Necr           0%         2d6       88%         3
 Fulminant Prism          Conj/Hex       0%         3d6       99%         4
 Iskenderun's Mystic Bla  Conj/Tloc      0%         2d3       99%         4
 Leda's Liquefaction      Hex/Erth       0%         N/A       99%         4
 Olgreb's Toxic Radiance  Pois           0%         N/A       99%         4
 Sticky Flame             Conj/Fire      0%         2d3       99%         4
 Irradiate                Conj/Tmut      0%         3d13      100%        5
 Lee's Rapid Deconstruct  Erth           0%         3d5*      100%        5
 Dragon Form              Tmut           0%         N/A       100%        7
 Monstrous Menagerie      Summ           0%         N/A       100%        7
 Ozocubu's Refrigeration  Ice            0%         4d5       100%        7
 Ignition                 Fire           0%         3d3       100%        8
 Lehudib's Crystal Spear  Conj/Erth      0%         10d2      100%        8


Dungeon Overview and Level Annotations

Branches:
Dungeon (10/15)            Temple (1/1) D:6            Lair (3/6) D:10
  Swamp (0/4) Lair:2        Snake (0/4) Lair:2          Orc (0/2) D:10
Ossuary (visited)          Bailey (visited)         Volcano (1/1)

Altars:
Ashenzari
Cheibriados
Dithmenos
Elyvilon
Fedhas
Gozag
Hepliaklqana
Kikubaaqudgha
Makhleb
Nemelex Xobeh
Okawaru
Qazlal
Ru
Sif Muna
Trog
Uskayaw
Vehumet
Wu Jian
Xom
Yredelemnul
Zin
The Shining One

Shops:
D:1 !   D:4 :


Innate Abilities, Weirdness & Mutations

You have a pair of horns on your head.
You reflexively headbutt those who attack you in melee.


Message History

The salamander misses you.
The salamander mystic casts a spell at you.
The lance of force hits you!
You are knocked back by the lance of force.
You slam into the rock wall!
You are too injured to fight recklessly!
Unknown command.
You are too injured to fight recklessly!
Unknown command.
You are too injured to fight recklessly!
You are too injured to fight recklessly!
The salamander hits you but does no damage.
The salamander mystic hits you with a +0 dagger.
You are engulfed in flames!
You slice the salamander mystic!! You freeze the salamander mystic.
You kill the salamander mystic!
The salamander shoots an arrow.
The arrow barely misses you. The salamander hits you!
You are engulfed in flames!
* * * LOW HITPOINT WARNING * * *
The salamander shoots an arrow.
The arrow hits you but does no damage.
The salamander unwields a +0 shortbow of flaming.
It stops flaming.
The salamander hits you!
* * * LOW HITPOINT WARNING * * *
You are engulfed in flames!
* * * LOW HITPOINT WARNING * * *
The salamander barely misses you.
You riposte.
You barely miss the salamander.
The salamander is lightly wounded.
Items here: ) [[ †.
You draw a card...
You have drawn Pain.
Press: ? - help, Shift-Dir - straight line, f - salamander
Aim: a salamander, quivering arrows (lightly wounded)
The salamander convulses!
The salamander closely misses you. You furiously retaliate!
You headbutt the salamander, but do no damage.
The salamander hits you.
* * * LOW HITPOINT WARNING * * *
You are engulfed in flames!
You die...
Your body glows with a rainbow of weird colours and disappears.

.......#.## ###
≈.≈.....#.# #
§≈§≈≈.....## ☼##
§≈≈≈≈≈.....# #§°#
§§§≈≈.....## #§§°##
≈≈§≈≈≈.....# ##≈..§≈#
§≈≈≈.....### #≈§=).≈#
≈.§........#####N)..)#
........###..#..@N!.#
.##.##### ###..##.$##
## #### ###


You could see 2 salamanders.

Vanquished Creatures
  4 hydras
  Erica (D:9)
  2 two-headed ogres
  A fire crab (D:9)
  A salamander mystic (Volcano)
  An ugly thing (D:9)
  A deep elf zephyrmancer (D:7)
  A manticore (D:9)
  A salamander (Volcano)
  6 cane toads
  5 komodo dragons
  A troll (D:10)
  Grinder (D:5)
  A hornet (D:9)
  5 blink frogs (Lair:2)
  A dream sheep (Lair:2)
  8 yaks
  3 shadows (D:10)
  A vampire (D:7)
  4 wyverns
  A basilisk (shapeshifter) (Lair:2)
  A steam dragon (D:10)
  A golden eye (D:9)
  2 wraiths (D:9)
  Menkaure (D:4)
  4 nagas (Lair:2)
  A warg (D:9)
  An acid dragon (D:8)
  7 water moccasins
  2 black bears
  An ice beast (D:7)
  2 sky beasts
  10 orc warriors
  2 necrophages
  A wolf (D:10)
  4 ogres
  5 centaurs (D:9)
  3 phantoms
  3 kobold brigands
  6 bullfrogs
  A wyvern zombie (D:6)
  2 scorpions (D:6)
  25 killer bees
  5 electric eels (D:10)
  10 wights
  2 vampire bats (D:3)
  3 howler monkeys
  2 centaur zombies
  4 orc priests
  Crazy Yiuf (D:4)
  6 hounds
  A bullfrog skeleton (D:6)
  3 iguanas
  12 orc wizards
  A scorpion zombie (D:5)
  A hound zombie (D:5)
  A hound skeleton (D:3)
  4 mummies (Ossuary)
  A howler monkey zombie (D:9)
  7 gnolls
  9 adders
  A howler monkey skeleton (D:7)
  A shadow imp (D:6)
  An adder skeleton (D:4)
  5 worms
  3 dart slugs
  36 orcs
  6 ball pythons
  3 endoplasms
  5 giant cockroaches
  6 goblins
  13 hobgoblins
  7 jackals
  5 quokkas
  11 bats
  3 frilled lizards
  4 gnoll skeletons (Ossuary)
  5 gnoll zombies (Ossuary)
  6 goblin skeletons (Ossuary)
  5 goblin zombies (Ossuary)
  6 hobgoblin skeletons (Ossuary)
  4 hobgoblin zombies (Ossuary)
  28 kobolds
  4 kobold skeletons (Ossuary)
  4 kobold zombies (Ossuary)
  2 orc skeletons (Ossuary)
  5 orc zombies (Ossuary)
  4 rats
  3 rat skeletons (Ossuary)
  2 rat zombies (Ossuary)
  A spectral goblin (D:1)
397 creatures vanquished.

Vanquished Creatures (collateral kills)
  An orc warrior (Bailey)
1 creature vanquished.

Vanquished Creatures (others)
  A fungus (Lair:2)
  3 plants
4 creatures vanquished.

Grand Total: 402 creatures vanquished

Notes
Turn   | Place    | Note
-------+----------+-------------------------------------------
     0 | D:1      | pkoi the Minotaur Gladiator began the quest for the Orb.
     0 | D:1      | Reached XP level 1. HP: 18/18 MP: 0/0
    51 | D:1      | Found a faded altar of an unknown god.
   178 | D:1      | Became a worshipper of Nemelex Xobeh the Trickster
   178 | D:1      | Reached * piety under Nemelex Xobeh
   178 | D:1      | Received a gift from Nemelex Xobeh
   200 | D:1      | Reached skill level 4 in Long Blades
   224 | D:1      | Found Ydene's Distillery.
   356 | D:1      | Reached XP level 2. HP: 19/25 MP: 1/1
   677 | D:1      | Reached skill level 1 in Invocations
  1038 | D:2      | Reached XP level 3. HP: 30/30 MP: 3/3
  1108 | D:2      | Reached ** piety under Nemelex Xobeh
  1556 | D:2      | Reached skill level 5 in Long Blades
  1556 | D:2      | Reached XP level 4. HP: 30/37 MP: 4/4
  1633 | D:2      | HP: 1/37 [poisoned by a kobold]
  1936 | D:3      | Found a stormy altar of Qazlal.
  2155 | D:3      | Reached XP level 5. HP: 39/42 MP: 6/6
  2163 | D:3      | Reached skill level 6 in Long Blades
  2413 | D:3      | Found a glowing golden altar of the Shining One.
  2697 | D:3      | Found a hazy altar of Hepliaklqana.
  2928 | D:4      | Found Lacacwav's Book Shoppe.
  2971 | D:4      | Received a gift from Nemelex Xobeh
  2974 | D:4      | Found a sand-covered staircase.
  2981 | D:4      | Reached *** piety under Nemelex Xobeh
  2982 | D:4      | Noticed Menkaure
  2983 | D:4      | Killed Menkaure
  2984 | D:4      | Reached XP level 6. HP: 50/50 MP: 6/8
  2985 | Ossuary  | Entered an ossuary
  3425 | Ossuary  | Reached skill level 7 in Long Blades
  4035 | D:4      | Identified the +0 ring mail of the Lobster {rElec rPois
                  | Int+2}
  4086 | D:4      | Reached XP level 7. HP: 48/56 MP: 9/9
  4100 | D:4      | Reached skill level 1 in Armour
  4108 | D:4      | Reached skill level 5 in Invocations
  4308 | D:4      | Found a runed translucent door.
  4309 | D:4      | Noticed Crazy Yiuf
  4353 | D:4      | Found a sacrificial altar of Ru.
  4358 | D:4      | Received a gift from Nemelex Xobeh
  4366 | D:4      | Got Pogugoth's Papyrus of Hexes and Shape Shifting
  4759 | D:4      | Killed Crazy Yiuf
  4828 | D:5      | Entered Level 5 of the Dungeon
  5069 | D:5      | Noticed a +0 spear
  5069 | D:5      | Noticed a +0 falchion
  5070 | D:5      | Noticed a +0 spear
  5070 | D:5      | Noticed a +0 short sword
  5070 | D:5      | Noticed a +0 falchion
  5071 | D:5      | Noticed a +0 dagger
  5071 | D:5      | Noticed a +0 short sword
  5071 | D:5      | Noticed a +0 dagger
  5073 | D:5      | Found a hide-covered altar of Uskayaw.
  5164 | D:5      | Noticed Grinder
  5175 | D:5      | Paralysed by Grinder for 3 turns
  5182 | D:5      | Killed Grinder
  5183 | D:5      | Reached skill level 8 in Long Blades
  5183 | D:5      | Reached XP level 8. HP: 40/66 MP: 11/11
  5362 | D:1      | Bought a potion of mutation for 80 gold pieces
  5362 | D:1      | Bought a potion of curing for 30 gold pieces
  5734 | D:5      | Received a gift from Nemelex Xobeh
  6135 | D:6      | Reached skill level 5 in Dodging
  6249 | D:6      | Reached **** piety under Nemelex Xobeh
  6291 | D:6      | Found a staircase to the Ecumenical Temple.
  6316 | D:6      | Received a gift from Nemelex Xobeh
  6319 | D:6      | Reached skill level 5 in Fighting
  6482 | D:6      | Reached XP level 9. HP: 73/74 MP: 12/12
  6486 | D:6      | Reached skill level 9 in Long Blades
  6486 | D:6      | Reached skill level 5 in Armour
  6678 | D:6      | Found a radiant altar of Vehumet.
  6887 | D:6      | Found a shimmering altar of Xom.
  7058 | D:6      | HP: 2/75 [wyvern (14)]
  7522 | Temple   | Entered the Ecumenical Temple
  8079 | D:7      | Noticed a deep elf zephyrmancer
  8079 | D:7      | Paralysed by a deep elf zephyrmancer for 6 turns
  8088 | D:7      | Killed a deep elf zephyrmancer
  8357 | D:7      | Found a flagged portal.
  8369 | Bailey   | Entered a bailey
  8374 | Bailey   | Noticed an orc warlord
  8500 | Bailey   | Found a runed translucent gate.
  8501 | Bailey   | Found a runed translucent gate.
  8503 | Bailey   | Found a runed translucent gate.
  8509 | Bailey   | Received a gift from Nemelex Xobeh
  8626 | Bailey   | Noticed an eight-headed hydra
  8626 | Bailey   | an orc warlord changed into an eight-headed hydra
  8629 | Bailey   | Killed an eight-headed hydra
  8630 | Bailey   | Reached skill level 10 in Long Blades
  8630 | Bailey   | Reached XP level 10. HP: 52/90 MP: 14/14
  8796 | Bailey   | Reached skill level 12 in Long Blades
  8796 | Bailey   | Reached skill level 10 in Invocations
  8796 | Bailey   | Reached XP level 11. HP: 95/95 MP: 14/17
  8819 | Bailey   | Acquired a +0 great sword of freezing
  8886 | D:7      | Found a shimmering blue altar of Sif Muna.
  9948 | D:8      | Noticed a two-headed ogre
  9951 | D:8      | Killed a two-headed ogre
  9992 | D:8      | Received a gift from Nemelex Xobeh
 10430 | D:8      | Reached ***** piety under Nemelex Xobeh
 10645 | D:9      | Noticed Erica
 10659 | D:9      | Killed Erica
 10660 | D:9      | Reached skill level 13 in Long Blades
 10687 | D:9      | Noticed a fire crab
 10687 | D:9      | a yak changed into a fire crab
 10695 | D:9      | Killed a fire crab
 10696 | D:9      | Reached skill level 10 in Fighting
 10955 | D:9      | Received a gift from Nemelex Xobeh
 11172 | D:9      | Found an ancient bone altar of Kikubaaqudgha.
 11427 | D:9      | Noticed a two-headed ogre
 11433 | D:9      | Killed a two-headed ogre
 11664 | D:9      | Noticed a brown ugly thing
 11670 | D:9      | Killed a brown ugly thing
 11671 | D:9      | Reached XP level 12. HP: 84/110 MP: 19/19
 11679 | D:9      | Got The Volume of Greatest Risks and Utility
 11957 | D:9      | Received a gift from Nemelex Xobeh
 12230 | D:10     | Entered Level 10 of the Dungeon
 12268 | D:10     | Found a snail-covered altar of Cheibriados.
 12449 | D:10     | Found a staircase to the Orcish Mines.
 12647 | D:10     | Received a gift from Nemelex Xobeh
 12834 | D:10     | Found a staircase to the Lair.
 13162 | Lair:1   | Entered Level 1 of the Lair of Beasts
 13365 | Lair:1   | Received a gift from Nemelex Xobeh
 13400 | Lair:1   | Noticed a four-headed hydra
 13408 | Lair:1   | Killed a one-headed hydra
 13409 | Lair:1   | Reached skill level 14 in Long Blades
 13857 | Lair:2   | Reached skill level 10 in Armour
 13968 | Lair:2   | Found a staircase to the Snake Pit.
 14136 | Lair:2   | Got the Compendium of Creative Moulding
 14705 | Lair:2   | Received a gift from Nemelex Xobeh
 14711 | Lair:2   | Noticed Fannar
 14712 | Lair:2   | Noticed Fannar
 14712 | Lair:2   | Fannar changed into Fannar the glowing shapeshifter
 14713 | Lair:2   | Noticed Fannar
 14713 | Lair:2   | Fannar the glowing shapeshifter changed into Fannar the
                  | polar bear
 14714 | Lair:2   | Noticed Fannar
 14714 | Lair:2   | Fannar the polar bear changed into Fannar the basilisk
 14717 | Lair:2   | Killed Fannar the basilisk
 14817 | Lair:2   | Noticed a six-headed hydra
 14820 | Lair:2   | Noticed a five-headed hydra
 14824 | Lair:2   | Killed an 11-headed hydra
 14978 | Lair:2   | Killed a two-headed hydra
 14979 | Lair:2   | Reached XP level 13. HP: 106/122 MP: 19/21
 15088 | Lair:2   | Found a staircase to the Swamp.
 15339 | Lair:3   | Found a dark tunnel.
 15349 | Volcano  | Entered a volcano
 15468 | Volcano  | Slain by a salamander

Illustrated notes

Levels and vault maps discovered:
D:1:      saegor_arrival_under_anarchy, layout_basic,
          dreamdust_ecumenical_altar_drowned_temple, serial_shops, shop_statue
D:2:      layout_rooms
D:3:      layout_loops_ring, mainiacjoe_overflow_paths,
          worldfamousw_hep_ancestral_shrine, nicolae_qazlal_scattered_showers,
          st_stairs_8, grunt_decor_cap, roderic_batcave
D:4:      layout_gridville, hangedman_ru_absence, serial_shops,
          nicolae_shop_crystal, enter_ossuary_1, uniq_menkaure,
          uniq_crazy_yiuf_cottage
D:5:      mumra_celtic_spiral_tile, layout_rooms, nicolae_uskayaw_en_pointe,
          uniq_grinder
D:6:      layout_cave_pools, vehumet_altar_wand_db,
          mainiacjoe_overflow_alcove_2, temple_pool_b, minmay_manual_macuahuitl
D:7:      layout_loops_ring, general_overflow_altar, enter_bailey_1,
          guppyfry_early_elven_hall
D:8:      layout_basic
D:9:      kennysheep_windowed_halls, layout_small_grid,
          kiku_gazebo_garden_becter, uniq_erica
D:10:     layout_gridville, mainiacjoe_overflow_alcove_4, erik_lair_island,
          david_orc_4
Temple:   hc_temple_tempest_star
Lair:1:   layout_regular_city
Lair:2:   nzn_winding_woodlands_medium [nzn_winding_woodlands_5x5_three,
          nzn_winding_woodlands_5x15_garden, nzn_winding_woodlands_hourglass,
          nzn_winding_woodlands_5x5_default,
          nzn_winding_woodlands_center_diamonds,
          nzn_winding_woodlands_5x5_perimeter,
          nzn_winding_woodlands_5x5_checkerboard,
          nzn_winding_woodlands_5x15_river_crossing,
          nzn_winding_woodlands_5x5_closed_star], layout_cave_pods,
          palyth_hydra_swamp_entry, minmay_snake_entry_guardpost_medium,
          uniq_fannar
Lair:3:   layout_long_grid, nicolae_volcano_entry_s_turn, grunt_megastairs_2
Volcano:  volcano_pools

Skill      XL: |  1  2  3  4  5  6  7  8  9 10 11 12 |
---------------+-------------------------------------+-----
Long Blades    | 4 5 6 7 8 10 12 13 14 | 14.4
Invocations    | 1 2 3 4 5 6 7 10 11 12 | 12.0
Armour         | 3 4 6 8 10 | 10.5
Fighting       | 4 5 8 11 13 | 13.6
Dodging        | 4 5 7 |  7.1
Throwing       | 4 |  4.6

Action                   |  1- 3 |  4- 6 |  7- 9 | 10-12 | 13-15 || total
-------------------------+-------+-------+-------+-------+-------++-------
Melee: Long sword        |    68 |   111 |    21 |       |       ||   200
       Headbutt          |    12 |    38 |    64 |    98 |     1 ||   213
       Dagger            |       |    86 |   232 |       |       ||   318
       Scimitar          |       |       |    47 |    17 |       ||    64
       Great sword       |       |       |       |   341 |    16 ||   357
       Unarmed           |       |       |       |     1 |       ||     1
Throw: Boomerang         |       |       |     9 |    13 |       ||    22
Invok: Draw Escape       |       |     1 |     1 |       |       ||     2
       Draw Destruction  |       |     1 |    18 |    19 |     1 ||    39
  Use: Scroll            |       |     4 |    10 |     5 |     1 ||    20
       Potion            |       |     2 |     6 |     7 |       ||    15
 Stab: Sleeping          |     1 |       |       |       |       ||     1
Armor: Leather armour    |    26 |    49 |       |       |       ||    75
       Ring mail         |       |     2 |    95 |   118 |     9 ||   224
Dodge: Dodged            |    40 |   108 |   233 |   298 |    11 ||   690
       Rpst.: Long sword |    12 |    14 |     4 |       |       ||    30
       Scimitar          |       |       |     7 |     3 |       ||    10
       Great sword       |       |       |       |    71 |     3 ||    74

Table legend: (Time is in decaauts)
 A = Elapsed time spent in this place.
 B = Non-inter-level travel time spent in this place.
 C = Inter-level travel time spent in this place.
 D = Time resting spent in this place.
 E = Time spent auto-exploring this place.
 F = Levels seen in this place.
 G = Mean time per level.
                   A        B        C        D        E       F      G
               +--------+--------+--------+--------+--------+-----+--------+
         Total |  15470 |  14883 |    587 |   3243 |   8656 |  17 |  910.0 |
       Dungeon |  11443 |  10880 |    563 |   2621 |   6072 |  10 | 1144.3 |
        Temple |    206 |    199 |      7 |      0 |    199 |   1 |  206.0 |
          Lair |   2184 |   2169 |     15 |    191 |   1683 |   3 |  728.0 |
       Ossuary |   1043 |   1043 |      0 |    431 |    298 |   1 | 1043.0 |
        Bailey |    474 |    474 |      0 |      0 |    306 |   1 |  474.0 |
       Volcano |    118 |    118 |      0 |      0 |     98 |   1 |  118.0 |
               +--------+--------+--------+--------+--------+-----+--------+

Top non-repeatable levels by time:
     D:9: 1650 daAuts
  Lair:2: 1414 daAuts
     D:7: 1391 daAuts
     D:5: 1353 daAuts
     D:6: 1263 daAuts
     D:3: 1063 daAuts
 Ossuary: 1043 daAuts
     D:1: 1041 daAuts
     D:8: 989 daAuts
     D:4: 923 daAuts
    D:10: 883 daAuts
     D:2: 882 daAuts
  Lair:1: 709 daAuts
  Bailey: 474 daAuts
  Temple: 206 daAuts
